Unix NetHack Version 5.0.0-0 post-release - last build May 23 2026 06:08:33 (1c0ff79ee797540d5714e4e18072db0edd9e58ae,branch:main).

Game began 2026-05-25 13:24:12, ended 2026-05-25 14:35:52.

Eymerich, chaotic male elven Priest

                        ---------..................(...@.
                        |............................".d|
                        |...-----------.------...------"|
                        |...-.(((|....-.-./((|...|    |.|
                        |...|.((.|....|.|.(((|...|    |@S
                        |..[|.(.(|....|.|.(((|...|    +.|
                        |..[|----------.------...------.|
                  ######|...|...|.........{.[...........|
                   #####-........._..|.......--.--+----.|
                  ###   |...|...|   .|.......| ..     |.|
                  # #   |...|)..|    |{......| .|     |.|
                  #     |...-|----- --.......-+--- --+-.|
                  #     |...))..........................|
                 ##     |...---- .-+-----....-----+- --.|
         -----  ##      |...|.(|  |     |....|         .|
         |....###       |...-..|        -....-         .
         |...|          --------       --------       ---
         |.)<+
         -----

Eymerich the Adept           St:13 Dx:9 Co:16 In:11 Wi:15 Ch:11  Chaotic
Dlvl:7  $:458 HP:0(55) Pw:91(91) AC:-4 Xp:7 T:5252  Burdened

Latest messages:
 You are stuck to the web.
 You are stuck to the web.
 You disentangle yourself.
 Pinky drops a candle.
 You stumble into a spider web!
 You are stuck to the web.
 You are stuck to the web.
 You disentangle yourself.
 The snake misses!
 The snake bites!
 Pinky bites it.
 The snake bites!
 You stumble into a spider web!
 The snake bites!
 You hear some noises in the distance.
 The snake misses!
 You are stuck to the web.
 The snake bites!
 You hear some noises.
 You hear some noises in the distance.
 You miss the snake.
 The snake bites!
 The snake bites!
 The snake misses!
 You miss the snake.
 The snake bites!
 The snake bites!
 You hit the snake!
 The snake just misses!
 You miss the snake.
 The snake bites!
 The snake bites!
 You hear some noises.
 You miss the snake.
 The snake bites!
 You miss the snake.
 The snake bites!
 You miss the snake.
 The snake misses!
 The snake misses!
 You hit the snake.
 The snake bites!
 The snake's bite was poisoned!
 Elf, your life force is running out.
 You hit the snake!
 The snake bites!
 You die...
 Do you want your possessions identified? [ynq] (y)
 Do you want to see your attributes? [ynq] (y)
 Do you want an account of creatures vanquished? [ynaq] (y)

Inventory:
 Coins    ('$')
  $ - 458 gold pieces
 Weapons  (')')
  J - 4 blessed +1 arrows
  k - a +1 arrow
  B - 49 +0 arrows (in quiver)
  M - a blessed +3 bow (alternate weapon; not wielded)
  C - 68 +0 darts
  N - a blessed poisoned +2 dart
  a - a blessed +1 mace (weapon in right hand)
 Armor    ('[')
  L - a +0 helm of brilliance (being worn)
  v - a +0 pair of leather gloves (being worn)
  K - a +0 pair of low boots (being worn)
  w - a +0 shield of reflection (being worn)
  I - a blessed +1 dwarvish cloak
  b - a +0 robe (being worn)
  O - a blessed +4 studded leather armor (being worn)
 Comestibles  ('%')
  e - a clove of garlic
  r - a cram ration
  z - a cream pie
  E - a food ration
  f - a sprig of wolfsbane
  p - a lichen corpse
  y - a partly eaten lichen corpse
 Scrolls  ('?')
  U - a scroll of charging
  T - a blessed scroll of destroy armor
  Y - a cursed scroll of identify
 Spellbooks  ('+')
  g - a spellbook of detect monsters
  S - a spellbook of jumping
  h - a spellbook of light
  l - a spellbook of slow monster
 Potions  ('!')
  q - a blessed potion of booze
  s - a potion of enlightenment
  t - a blessed potion of extra healing
  G - a potion of gain energy
  n - a potion of invisibility
  o - a potion of restore ability
  d - 4 potions of holy water
 Rings    ('=')
  u - a ring of aggravate monster
  H - a cursed ring of hunger
  Z - a ring of regeneration
  P - a ring of stealth
 Wands    ('/')
  x - a wand of create monster (0:10)
  c - a wand of undead turning (0:4)
 Tools    ('(')
  j - a tooled horn
  F - a blessed magic lamp
  i - a magic marker (0:22)
  m - a magic whistle
  Q - a skeleton key
  X - a tallow candle
  V - 2 wax candles
 Gems/Stones  ('*')
  D - a black opal named hard
  A - a diamond named hard
  R - a worthless piece of green glass named soft

Eymerich the Priest's attributes:

Background:
 You were an Adept, a level 7 elven Priest.
 You were chaotic, nominally on a mission for Huan Ti
 who was opposed by Shan Lai Ching (lawful) and Chih Sung-tzu (neutral).
 You were right-handed.
 You were in the Gnomish Mines, on level 7.
 You entered the dungeon 5252 turns ago.
 You had 1176 experience points, 104 more were needed to attain level 8.

Basics:
 You had 0 out of 55 hit points.
 You had all 91 energy points (spell power).
 Your armor class was -4.
 Your wallet contained 458 zorkmids.
 Autopickup was off.

Final Characteristics:
 Your strength was 13 (limit:18).
 Your dexterity was 9 (limit:18).
 Your constitution was 16 (limit:16).
 Your intelligence was 11 (limit:20).
 Your wisdom was 15 (peak:16, limit:20).
 Your charisma was 11 (limit:18).

Final Status:
 You were trapped in a web.
 You weren't hungry.
 You were burdened; movement was slightly slowed.
 You were wielding a mace.
 You were skilled in mace and could have enhanced that.

Final Attributes:
 You were piously aligned.
 You were sleep resistant.
 You were telepathic.
 You had infravision.
 You were guarded.
 Your spell casting was enhanced by wearing a robe.
 You had reflection.
 You are dead.

Miscellaneous:
 You encountered 1 bones level.
 Total elapsed playing time was 1 hour, 11 minutes and 39 seconds.

Major events:
 Turn
    1: Eymerich the chaotic elven Priest entered the dungeon
  925: entered the Gnomish Mines
  941: attained the rank of Acolyte (level 3)
 3568: attained the rank of Adept (level 6)
 4641: found Sting on the floor
 4802: read a Discworld novel
 4951: reached Mine Town
 5252: killed by a snake

Spells:
 Name                 Level Category     Fail Retention
 detect monsters        1   divination    54%   51%-75%
 light                  1   clerical      54%   71%-80%

Skills:
 Fighting Skills
   bare handed combat [Unskilled]
 Weapon Skills
   club               [Unskilled]
   mace               [Skilled]
   morning star       [Unskilled]
   flail              [Unskilled]
   hammer             [Unskilled]
   quarterstaff       [Unskilled]
   polearms           [Unskilled]
   spear              [Unskilled]
   trident            [Unskilled]
   lance              [Unskilled]
   bow                [Unskilled]
   sling              [Unskilled]
   crossbow           [Unskilled]
   dart               [Unskilled]
   shuriken           [Unskilled]
   boomerang          [Unskilled]
   unicorn horn       [Unskilled]
 Spellcasting Skills
   healing spells     [Unskilled]
   divination spells  [Unskilled]
   clerical spells    [Basic]

Voluntary challenges:
 Character rerolling was not enabled.
 You were an atheist.
 You never genocided any monsters.
 You never polymorphed an object.
 You never changed form.
 You used no wishes.
Achievements:
 You entered a shop.
 You entered the Gnomish Mines.
 You attained the rank of Acolyte.
 You attained the rank of Adept.
 You read from a Discworld novel.
 You entered Minetown.

 The Dungeons of Doom: levels 1 to 4
    Level 1:
    Level 2:
       A tool shop, an altar to Huan Ti, a sink.
    Level 3:
       An armor shop, an altar.
       Stairs down to The Gnomish Mines.
    Level 4:
 The Gnomish Mines: levels 4 to 7
    Level 4:
    Level 5:
    Level 6:
       Final resting place for
          ThermoNuclear-Wiz-Elf-Fem-Cha, killed by a killer bee.
    Level 7: <- You were here.
       Some shops, an altar, some fountains.
       Final resting place for
          you, killed by a snake.


Vanquished creatures:
  a ghost
  a large mimic
  2 small mimics
  a leather golem
  a giant spider
  a raven
  a shrieker
  6 gnome leaders
  2 gnomish wizards
  a kobold mummy
  2 paper golems
  4 floating eyes
  a kitten
  6 dwarves
  8 hill orcs
  2 rothes
  a centipede
  2 iguanas
 10 killer bees
  2 manes
  2 large kobolds
  2 hobgoblins
  4 giant rats
  2 cave spiders
  a brown mold
  3 yellow molds
  a green mold
 20 gnomes
  5 garter snakes
  6 geckos
  7 jackals
  2 foxes
  a kobold
  2 goblins
  2 sewer rats
  7 grid bugs
  5 lichens
  4 newts
131 creatures vanquished.

No species were genocided or became extinct.

Game over:
                       ----------
                      /          \
                     /    REST    \
                    /      IN      \
                   /     PEACE      \
                  /                  \
                  |     Eymerich     |
                  |      458 Au      |
                  |   killed by a    |
                  |      snake       |
                  |                  |
                  |                  |
                  |       2026       |
                 *|     *  *  *      | *
        _________)/\\_//(\/(/\)/\//\/|_)_______

Goodbye Eymerich the Priest...

You died in The Gnomish Mines on dungeon level 7 with 5437 points,
and 458 pieces of gold, after 5252 moves.
You were level 7 with a maximum of 55 hit points when you died.

